AoeStats
← TW_Jerry YT @TW-aoe2noobs

Arabia

507996162Analyzed
4v4 RM · 12d ago on Sep 20, 2026· 65m 25s· 8 players
Game mode
Random Map
Map size
Large (8 player)
Population
200
Speed
Normal
Resources
Standard
Victory
Conquest
Starting age
Dark Age
Ending age
Imperial Age
RankedLock teamsTeams togetherTeam positionsShared explorationLock speedFull tech treeHidden civsTurbo modeCheats
Victory
Defeat
1623
+16
1609
+17
1597
+17
1587
+18
🇫🇮 Maya · Finland
1671
-19
🇹🇼 Shu · Taiwan
1644
-18
🇲🇽 Persians · Mexico
1625
-17
🇹🇼 Magyars · Taiwan
1563
-14
[韓粉戰隊] 南飄賣菜郎
6:11 Loom
8:53 Feudal Age
9:22 Double-Bit Axe
10:53 Horse Collar
15:34 Scale Barding Armor
20:35 Bloodlines
24:15 Castle Age
22:18 Gold Mining
23:19 Bloodlines
25:33 Chain Barding Armor
25:34 Husbandry
26:52 Bow Saw
29:44 Wheelbarrow
30:04 Heavy Plow
40:23 Gold Shaft Mining
43:54 Imperial Age
43:15 Hand Cart
44:22 Ballistics
44:13 Fletching
45:14 Plate Barding Armor
44:00 Cavalier
45:37 Conscription
45:14 Fletching
45:42 Paladin
46:37 Stone Mining
47:15 Bodkin Arrow
47:59 Hoardings
52:05 Caravan
54:28 Light Cavalry
55:36 Hussar
66:03 Masonry
[韓粉戰隊] 台北庶民
6:30 Loom
8:47 Feudal Age
9:25 Double-Bit Axe
11:34 Fletching
20:23 Wheelbarrow
23:04 Castle Age
22:45 Gold Mining
22:42 Horse Collar
23:11 Crossbowman
23:47 Bodkin Arrow
25:35 Thumb Ring
27:14 Ballistics
28:36 Padded Archer Armor
29:15 Bow Saw
31:04 Leather Archer Armor
31:58 Hand Cart
33:22 Hand Cart
36:08 Heavy Plow
40:15 Imperial Age
40:59 Bracer
40:20 Arbalester
42:07 Chemistry
42:06 Ring Archer Armor
45:03 Town Watch
51:14 Elite Skirmisher
57:27 Light Cavalry
58:07 Husbandry
58:14 Scale Barding Armor
59:28 Two-Man Saw
59:30 Chain Barding Armor
60:57 Forging
62:18 Scale Mail Armor
62:37 Squires
63:05 Halberdier
[韓粉戰隊] 鋼鐵韓粉
6:13 Loom
8:44 Feudal Age
14:15 Fletching
18:55 Padded Archer Armor
23:31 Castle Age
22:00 Double-Bit Axe
22:02 Horse Collar
22:47 Gold Mining
24:07 Bodkin Arrow
23:40 Crossbowman
24:53 Town Watch
25:32 Ballistics
37:04 Wheelbarrow
40:37 Imperial Age
41:21 Bracer
42:27 Chemistry
48:02 Gold Shaft Mining
50:57 Masonry
51:12 Elite Skirmisher
53:14 Leather Archer Armor
52:59 Arbalester
58:08 Ring Archer Armor
57:54 Bow Saw
57:45 Heavy Plow
62:19 Hand Cart
[韓粉戰隊] 跟著月亮走
5:51 Loom
8:54 Feudal Age
9:33 Double-Bit Axe
17:07 Wheelbarrow
16:56 Scale Barding Armor
21:49 Castle Age
20:15 Forging
21:21 Bloodlines
21:57 Gold Mining
21:51 Light Cavalry
22:32 Husbandry
22:56 Bow Saw
23:22 Chain Barding Armor
32:56 Horse Collar
35:00 Hand Cart
38:55 Imperial Age
38:58 Cavalier
40:16 Plate Barding Armor
40:16 Iron Casting
41:03 Detinets
41:23 Conscription
43:20 Blast Furnace
45:20 Elite Boyar
45:24 Hussar
52:44 Fletching
53:45 Redemption
63:48 Caravan
SimmaHem7912
8:12 Feudal Age
8:43 Double-Bit Axe
9:33 Horse Collar
10:51 Loom
14:39 Forging
21:31 Wheelbarrow
22:10 Double-Bit Axe
24:29 Castle Age
22:21 Double-Bit Axe
22:48 Gold Mining
23:17 Bloodlines
24:27 Scale Mail Armor
24:35 Scale Barding Armor
24:16 Light Cavalry
25:34 Iron Casting
25:26 Bow Saw
25:17 Heavy Plow
26:58 Chain Barding Armor
29:58 Gold Shaft Mining
36:29 Imperial Age
34:08 Stone Mining
35:23 Hand Cart
37:23 Plate Barding Armor
36:12 Cavalier
37:44 Husbandry
38:15 Conscription
39:19 Blast Furnace
38:42 Savar
40:33 Stone Shaft Mining
44:53 Fletching
45:42 Crop Rotation
45:26 Hussar
46:32 Caravan
47:06 Scale Mail Armor
48:47 Chemistry
48:08 Ballistics
47:59 Masonry
50:15 Hoardings
51:44 Citadels
51:42 Murder Holes
52:17 Architecture
55:42 Bodkin Arrow
60:38 Coinage
65:40 Banking
King-Arthur
0:26 Loom
9:15 Feudal Age
9:51 Double-Bit Axe
14:28 Fletching
16:19 Padded Archer Armor
23:24 Castle Age
22:36 Town Watch
23:27 Wheelbarrow
22:57 Horse Collar
23:27 Gold Mining
23:43 Crossbowman
24:47 Bow Saw
25:20 Ballistics
25:05 Bodkin Arrow
27:00 Thumb Ring
32:24 Leather Archer Armor
40:21 Imperial Age
41:02 Bracer
42:09 Chemistry
41:26 Arbalester
45:21 Ring Archer Armor
45:50 Conscription
TW_Dinko
8:58 Feudal Age
7:14 Loom
9:34 Double-Bit Axe
14:05 Scale Mail Armor
17:44 Bloodlines
19:06 Horse Collar
24:34 Castle Age
22:49 Gold Mining
25:24 Husbandry
25:33 Scale Barding Armor
25:43 Bow Saw
25:36 Heavy Plow
25:38 Light Cavalry
28:53 Chain Barding Armor
32:03 Gold Shaft Mining
33:30 Wheelbarrow
38:33 Hand Cart
38:03 Town Watch
47:14 Imperial Age
45:58 Stone Mining
47:31 Town Patrol
47:27 Fletching
48:30 Crop Rotation
47:24 Cavalier
48:42 Plate Barding Armor
48:03 Bodkin Arrow
51:17 Paladin
52:01 Arson
53:52 Chemistry
52:59 Bracer
53:12 Pikeman
54:50 Chain Mail Armor
63:28 Caravan
TW_Jerry YT @TW-aoe2noobs
6:09 Loom
8:56 Feudal Age
11:56 Fletching
15:10 Double-Bit Axe
23:06 Castle Age
21:05 Gold Mining
21:39 Padded Archer Armor
22:22 Horse Collar
23:09 Crossbowman
23:45 Bodkin Arrow
25:16 Leather Archer Armor
27:29 Ballistics
28:54 Wheelbarrow
33:01 Gold Shaft Mining
36:04 Imperial Age
34:17 Bow Saw
35:52 Thumb Ring
36:58 Bracer
39:08 Chemistry
37:39 Arbalester
40:41 Town Watch
41:13 Hand Cart
42:44 Ring Archer Armor
44:05 Elite Skirmisher
48:41 Bolt Magazine
Connection lost

Rejoining the realm…

Still unreachable

The connection could not be restored.

Session expired

The server has moved on; the page needs a fresh start.